 Dungeon Crawl Stone Soup version 0.27-a0-1071-ga85bd9520d (webtiles) character file.

Game seed: 15861858629665688672

310 senseless the Insei (level 6, -5/39 HPs)
             Began as an Octopode Transmuter on Apr 24, 2021.
             Slain by a centaur (6 damage)
             ... on level 5 of the Dungeon.
             The game lasted 00:03:58 (1650 turns).

senseless the Insei (Octopode Transmuter)           Turns: 1650, Time: 00:03:58

Health: -5/39      AC:  1    Str: 10    XL:     6   Next: 41%
Magic:  9/9        EV: 13    Int: 16    God:
Gold:   30         SH:  0    Dex: 13    Spells: 8/9 levels left

rFire    . . .     SeeInvis .     - Unarmed
rCold    . . .     Faith    .   (no shield)
rNeg     . . .     Spirit   .   (helmet currently unavailable)
rPois    .         Reflect  .   (no amulet)
rElec    .         Harm     .   c - ring of flight
rCorr    .         Rampage  .   (no ring)
Will     .....                  (no ring)
Stlth    +++.......             (no ring)
HPRegen  0.13/turn              (no ring)
MPRegen  0.11/turn              (no ring)
                                (no ring)
                                (no ring)

@: appendages (expiring), flying
A: tentacle spike 3, almost no armour, amphibious, 8 rings, camouflage 1,
gelatinous body 1, (nimble swimmer 1), tentacles
a: End Transformation


You were on level 5 of the Dungeon.
One of your tentacles had grown a beastly spike.
You visited 1 branch of the dungeon, and saw 4 of its levels.
You also visited: Ossuary.

You collected 30 gold pieces.

Inventory:

Jewellery
 c - a ring of flight (left tentacle)
Scrolls
 a - a scroll of identify


   Skills:
 + Level 1.8 Fighting
 + Level 2.6 Dodging
 + Level 3.9 Stealth
 + Level 5.7 Unarmed Combat
 - Level 2.0 Spellcasting
 - Level 2.0 Transmutations


You had 8 spell levels left.
You knew the following spells:

 Your Spells              Type           Power      Damage    Failure   Level
a - Beastly Appendage     Tmut           16%        N/A       9%          1

Your spell library contained the following spells:

 Spells                   Type           Power      Damage    Failure   Level
 Wereblood                Tmut           8%         N/A       13%         2
 Spider Form              Tmut/Pois      2%         N/A       38%         3
 Ice Form                 Ice/Tmut       4%         N/A       80%         4
 Hydra Form               Tmut           4%         N/A       94%         5


Dungeon Overview and Level Annotations

Branches:
Dungeon (4/15)            Ossuary (visited)
 Temple: D:4-7

Altars:
Trog


Innate Abilities, Weirdness & Mutations

One of your tentacles has grown a beastly spike.
You cannot wear most types of armour.
You are amphibious.
You can wear up to eight rings at the same time.
Your skin changes colour to match your surroundings (Stealth+).
Your rubbery body absorbs attacks. (AC +1, EV +1)
((You are camouflaged near water. (Stealth+)))
You have tentacles for arms and can constrict up to eight enemies at once.


Message History

Your tentacle spike misses the hound.
Your squeeze misses the hound.
The hound is severely wounded.
The centaur hits you.
The centaur kicks you but does no damage.
You tentacle-slap the hound.
You kill the hound!
The centaur hits you. The centaur kicks you. The hound bites you.
The centaur barely misses you. The centaur closely misses you.
You are too injured to fight recklessly!
You are too injured to fight recklessly!
You are too injured to fight recklessly!
You bludgeon the centaur!
The centaur is moderately wounded.
The hound completely misses you. The centaur hits you.
The centaur closely misses you. The hound barely misses you.
You tentacle-slap the centaur but do no damage.
Your tentacle spike misses the centaur.
You squeeze the centaur.
The centaur is moderately wounded.
The centaur closely misses you. The centaur kicks you.
The hound closely misses you.
You closely miss the hound. You grab the hound.
You pierce the hound.
You tentacle-slap the hound.
The hound is moderately wounded.
Your transformation is almost over.
You constrict the hound. The centaur hits you.
* * * LOW HITPOINT WARNING * * *
The centaur kicks you.
* * * LOW HITPOINT WARNING * * *
The hound completely misses you. The centaur closely misses you.
The centaur misses you.
Okay, then.
You tentacle-slap the hound. You squeeze the hound!
You kill the hound!
The centaur hits you.
* * * LOW HITPOINT WARNING * * *
The centaur closely misses you.
You closely miss the centaur. Your squeeze misses the centaur.
The centaur is moderately wounded.
The centaur hits you.
You die...

## ##. #..
##.#####.#
#..@c....#
#.†####..#
#.. #.# #.
#. #


You could see a centaur.

Vanquished Creatures
  An elf zombie (Ossuary)
  A water moccasin skeleton (D:4)
  A bullfrog zombie (D:4)
  2 hounds (D:5)
  Natasha (twice) (D:4)
  2 mummies (Ossuary)
  An adder (D:2)
  A worm (D:2)
  A ball python (D:2)
  A giant cockroach (D:1)
  2 goblins
  4 jackals (D:2)
  4 kobolds
  2 quokkas
  A frilled lizard (D:1)
  A gnoll zombie (Ossuary)
  2 rats (D:1)
29 creatures vanquished.

Notes
Turn   | Place    | Note
-------+----------+-------------------------------------------
     0 | D:1      | senseless the Octopode Transmuter began the quest for the
                  | Orb.
     0 | D:1      | Reached XP level 1. HP: 13/13 MP: 3/3
   205 | D:1      | Found a faded altar of an unknown god.
   231 | D:1      | Became a worshipper of Trog the Wrathful
   231 | D:1      | Reached * piety under Trog
   375 | D:1      | Fell from the grace of Trog
   546 | D:1      | Reached XP level 2. HP: 18/18 MP: 3/5
   828 | D:2      | Reached skill level 1 in Stealth
   836 | D:2      | Reached XP level 3. HP: 23/23 MP: 6/6
  1002 | D:2      | You are sucked into a shaft and drop 2 floors!
  1004 | D:4      | Noticed Natasha
  1012 | D:4      | Reached skill level 4 in Unarmed Combat
  1012 | D:4      | Reached XP level 4. HP: 21/28 MP: 5/7
  1013 | D:4      | Killed Natasha
  1123 | D:4      | Noticed Natasha
  1128 | D:4      | Killed Natasha
  1129 | D:4      | Reached XP level 5. HP: 27/33 MP: 6/8
  1204 | D:4      | Reached skill level 5 in Unarmed Combat
  1211 | D:4      | Found a sand-covered staircase.
  1285 | Ossuary  | Entered an ossuary
  1336 | Ossuary  | Reached XP level 6. HP: 19/38 MP: 7/9
  1640 | D:4      | You are sucked into a shaft and drop 1 floor!
  1640 | D:5      | Entered Level 5 of the Dungeon
  1649 | D:5      | HP: 1/39 [centaur (4)]
  1650 | D:5      | Slain by a centaur

Illustrated notes

Levels and vault maps discovered:
D:1:      onia_arrival_mini_maze_b, layout_basic,
          ebering_ecumenical_altar_abandoned, chequers_serial_rivers_micro_d
D:2:      layout_basic
D:4:      layout_rooms, enter_ossuary_5, uniq_natasha
D:5:      layout_loops_ring, eat_drink_and_be_merry_uskayaw,
          amcnicky_altar_gilded, kennysheep_little_box, dk_noncrumbling_4,
          grunt_decor_mini_mirrors, corexii_shack, minivault_1,
          kennysheep_doodads, serial_bayou_pond_e, minmay_stone_trees_small,
          st_stairs_4, minmay_door_square, uniq_sigmund, uniq_pikel

Skill      XL: |  1  2  3  4  5 |
---------------+----------------+-----
Stealth        | 1 2 3 |  3.9
Unarmed Combat | 4 5 |  5.7
Fighting       | |  1.8
Dodging        | |  2.6
Spellcasting   | |  2.0
Transmutations | |  2.0

Action                   |  1- 3 |  4- 6 || total
-------------------------+-------+-------++-------
Melee: Unarmed           |    37 |    41 ||    78
       Constrict         |    15 |     9 ||    24
       Kick              |    14 |    13 ||    27
       Tentacles         |     5 |    10 ||    15
       Punch             |       |     1 ||     1
 Cast: Beastly Appendage |    11 |     6 ||    17
Invok: Renounce Religion |     1 |       ||     1
  Use: Scroll            |     2 |     1 ||     3
       Potion            |       |     1 ||     1
 Stab: Sleeping          |     3 |       ||     3
Armor: Skin              |       |     7 ||     7
Dodge: Dodged            |    13 |    50 ||    63

Table legend: (Time is in decaauts)
 A = Elapsed time spent in this place.
 B = Non-inter-level travel time spent in this place.
 C = Inter-level travel time spent in this place.
 D = Time resting spent in this place.
 E = Time spent auto-exploring this place.
 F = Levels seen in this place.
 G = Mean time per level.
                   A        B        C        D        E       F      G
               +--------+--------+--------+--------+--------+-----+--------+
         Total |   1623 |   1560 |     63 |    511 |    856 |   5 |  324.6 |
       Dungeon |   1570 |   1507 |     63 |    511 |    849 |   4 |  392.5 |
       Ossuary |     52 |     52 |      0 |      0 |      7 |   1 |   52.0 |
               +--------+--------+--------+--------+--------+-----+--------+

Top non-repeatable levels by time:
     D:1: 814 daAuts
     D:4: 563 daAuts
     D:2: 184 daAuts
 Ossuary: 52 daAuts
     D:5: 8 daAuts
